cohdb
Replays
Latest Replays
All Replays
Popular Replays
Top Player Replays
Match Explorer
How It Works
Community
CoH3 Stats
Reddit
Sign in to upload your games and track your stats! →
Sign in with Steam
Match 45905983
Unlisted
Match 45905983
Overview
Messages
Build Orders
End
Construct Barracks
Riflemen Squad
Riflemen Squad
Riflemen Squad
Grenade Package
Riflemen Squad
Mechanized Support Center
Construct Medical Station
Selects Heavy Weapons
Selects Heavy Weapons
Construct Motor Pool
Selects Assault Carriers
Selects Exchangeable Parts
M1 Anti-tank Gun Team
M1 Anti-tank Gun Team
M1918 Browning Automatic Rifles
Engineer Squad
Construct Tank Depot
Personal Iroha Cushion
Bradare
Alloyzy Klex®
SEPH
0
0
Comments
sign in to comment!
No comments posted yet!